 Dungeon Crawl Stone Soup version 0.21.1-1-g345015f (webtiles) character file.

935 Heatsaber the Chopper (level 7, -1/94 HPs)
             Began as a Minotaur Fighter on May 23, 2018.
             Was a Follower of Okawaru.
             Slain by a two-headed ogre
             ... wielding a +0 giant club
              (7 damage)
             ... on level 7 of the Dungeon.
             The game lasted 00:14:07 (3678 turns).

Heatsaber the Chopper (Minotaur Fighter)            Turns: 3678, Time: 00:14:08

Health: -1/94      AC: 26    Str: 27    XL:     7   Next: 87%
Magic:  4/6        EV:  2    Int:  5    God:    Okawaru [*.....]
Gold:   259        SH: 16    Dex: 13    Spells: 6/6 levels left

rFire    . . .     SeeInvis .   a - +0 war axe
rCold    . . .     Gourm    .   c - +0 shield
rNeg     + + +     Faith    .   (armour currently unavailable)
rPois    +         Spirit   .   (helmet currently unavailable)
rElec    .         Reflect  +   (cloak currently unavailable)
rCorr    .         Harm     .   (gloves currently unavailable)
MR       .....     NoTele   +   (boots currently unavailable)
Stlth    +++.......             B - +3 amulet of reflection
HPRegen  0.25/turn              s - +3 ring of dexterity
MPRegen  0.10/turn              l - +3 ring of protection

@: mighty, tree-form, heroism
A: (retaliatory headbutt)
a: Heroism, Renounce Religion


You were on level 7 of the Dungeon.
You worshipped Okawaru.
Okawaru was aware of your devotion.
You were not hungry.
You were a tree.
You visited 2 branches of the dungeon, and saw 8 of its levels.

You collected 259 gold pieces.

Inventory:

Hand Weapons
 a - a +0 war axe (weapon)
Missiles
 u - 19 poisoned needles
 y - a throwing net (quivered)
Armour
 c - a +0 shield (worn)
 t - a +0 chain mail (melded)
 w - a +0 cloak (melded)
Jewellery
 i - an uncursed ring of magical power
 l - a +3 ring of protection (right branch)
 s - a +3 ring of dexterity (left branch)
 z - an uncursed amulet of the gourmand
 B - a +3 amulet of reflection (around neck)
Wands
 m - a wand of polymorph (4)
 E - a wand of acid (10)
Scrolls
 b - a scroll of random uselessness {unknown}
 e - 4 scrolls of teleportation
 h - 2 scrolls of remove curse
 n - 3 scrolls of enchant weapon
 p - a scroll of immolation {unknown}
 q - a scroll of fear
 v - a scroll of noise {unknown}
 x - a scroll of amnesia {unknown}
 A - a scroll of enchant armour {unknown}
Potions
 j - 2 potions of flight
 k - a potion of mutation
 o - 2 potions of curing
 r - a potion of agility
Books
 g - a book of Misfortune

   Spells                             Type                      Level
   a - Confusing Touch                Hexes                        1
   b - Confuse                        Hexes                        3
   c - Gell's Gravitas                Translocation                3
   d - Petrify                        Transmutation/Earth          4
   e - Metabolic Englaciation         Hexes/Ice                    5
   f - Yara's Violent Unravelling     Hexes/Transmutation          5
Comestibles
 f - 10 rations
 D - 5 chunks of flesh


   Skills:
 + Level 6.0(11.0) Fighting
 * Level 7.3(12.3) Axes
 + Level 5.9(10.9) Armour
 + Level 6.0(11.0) Shields


You had 6 spell levels left.
You didn't know any spells.

Dungeon Overview and Level Annotations

Branches:
Dungeon (7/15)             Temple (1/1) D:5

Altars:
Ashenzari
Cheibriados
Dithmenos
Elyvilon
Gozag
Hepliaklqana
Nemelex Xobeh
Okawaru
Qazlal
Sif Muna
Trog
Uskayaw
Vehumet
Wu Jian
Xom
Yredelemnul
Zin
The Shining One


Innate Abilities, Weirdness & Mutations

((You reflexively headbutt those who attack you in melee.))
((You have a pair of horns on your head.))


Message History

The two-headed ogre hits you but does no damage.
You cannot fly right now.
You hit the two-headed ogre.
The two-headed ogre is lightly wounded.
The two-headed ogre hits you with a giant club.
* * * LOW HITPOINT WARNING * * *
You block the two-headed ogre's attack.
You feel very mighty all of a sudden.
You slash the two-headed ogre!
The two-headed ogre is moderately wounded.
The two-headed ogre hits you but does no damage.
You block the two-headed ogre's attack.
You slash the two-headed ogre!
The two-headed ogre is severely wounded.
You block the two-headed ogre's attack. x2
You slice the two-headed ogre!!
The two-headed ogre is almost dead.
The two-headed ogre hits you but does no damage.
The two-headed ogre hits you with a giant club!
You die...

#.# #.# # #.#
####.###.###.#.#
.............#.##
..
..##............#
... .
#####.#####..###
..# #.#
#..#.##..##
#.#####..........
#........†.....#
#########♣.....#
#O.##### #..#
#..# #... #.#s#
).#.# .##.# . .#


You could see a two-headed ogre and a scorpion.

Vanquished Creatures
  2 phantoms
  A centaur (D:5)
  A bullfrog (D:6)
  A scorpion (D:5)
  A centaur zombie (D:6)
  A crimson imp (D:5)
  A bullfrog zombie (D:6)
  A hound (D:5)
  A bullfrog skeleton (D:5)
  4 iguanas
  An orc wizard (D:5)
  2 worker ants (D:6)
  6 gnolls (D:6)
  7 adders
  2 shadow imps (D:5)
  An ooze (D:2)
  2 worms
  A dart slug (D:5)
  4 leopard geckos
  6 orcs
  4 ball pythons
  7 bats
  8 giant cockroaches
  3 goblins
  8 hobgoblins
  8 jackals
  4 quokkas (D:6)
  6 frilled lizards
  8 kobolds
  A leopard gecko zombie (D:5)
  7 rats
110 creatures vanquished.

Vanquished Creatures (others)
  A hound zombie (D:5)
1 creature vanquished.

Grand Total: 111 creatures vanquished

Notes
Turn   | Place    | Note
-------+----------+-------------------------------------------
     0 | D:1      | Heatsaber the Minotaur Fighter began the quest for the Orb.
     0 | D:1      | Reached XP level 1. HP: 19/19 MP: 0/0
    66 | D:1      | Reached XP level 2. HP: 27/27 MP: 1/1
   150 | D:1      | Reached skill level 3 in Axes
   557 | D:2      | Reached XP level 3. HP: 30/33 MP: 2/2
   822 | D:2      | Reached XP level 4. HP: 36/40 MP: 3/3
  1259 | D:3      | Reached skill level 4 in Axes
  2174 | D:5      | Entered Level 5 of the Dungeon
  2202 | D:5      | Reached XP level 5. HP: 33/47 MP: 4/4
  2300 | D:5      | Noticed a phantom
  2335 | D:5      | Killed a phantom
  2335 | D:5      | Reached skill level 5 in Axes
  2335 | D:5      | Reached XP level 6. HP: 34/55 MP: 5/5
  2410 | D:5      | Reached skill level 5 in Shields
  2751 | D:5      | Reached skill level 5 in Fighting
  2751 | D:5      | Reached skill level 5 in Armour
  2798 | D:5      | Found a staircase to the Ecumenical Temple.
  2807 | Temple   | Entered the Ecumenical Temple
  3027 | D:5      | Reached skill level 6 in Axes
  3033 | D:5      | Found an iron altar of Okawaru.
  3046 | D:5      | Became a worshipper of Warmaster Okawaru
  3109 | D:5      | Reached XP level 7. HP: 61/61 MP: 6/6
  3379 | D:6      | Reached skill level 7 in Axes
  3389 | D:6      | Reached * piety under Okawaru
  3479 | D:6      | Found a hide-covered altar of Uskayaw.
  3658 | D:7      | Noticed a two-headed ogre
  3678 | D:7      | Slain by a two-headed ogre

Skill      XL: |  1  2  3  4  5  6  7 |
---------------+----------------------+-----
Axes           | 3 4 5 6 7 |  7.3
Fighting       | 4 5 6 |  6.0
Armour         | 4 5 |  5.9
Shields        | 4 5 6 |  6.0

Action                   |  1- 3 |  4- 6 |  7- 9 || total
-------------------------+-------+-------+-------++-------
Melee: War axe           |   125 |   136 |    75 ||   336
       Headbutt          |    12 |    24 |     8 ||    44
Invok: Heroism           |       |       |     1 ||     1
Evoke: Wand              |       |       |     1 ||     1
  Use: Scroll            |       |     9 |     1 ||    10
       Potion            |       |       |     2 ||     2
  Eat: Chunk             |       |     7 |     4 ||    11
Armor: Scale mail        |    71 |     9 |       ||    80
       Chain mail        |       |    45 |    40 ||    85
       Skin              |       |       |     6 ||     6
Dodge: Dodged            |    62 |    27 |    18 ||   107
Block: Shield            |    72 |    70 |    66 ||   208
